PL
PORTLAND EVERGREENS @ NEW ORLEANS VOODOO
07/27/2042
 
TOP OF THE 1ST
Portland Evergreens batting - Pitching for New Orleans Voodoo : RHP Mike Donovan
Pitching: RHP Mike Donovan
Batting: RHB Richard Jost 0-0: Called Strike
0-1: Ball
1-1: Ball
2-1: Ground out 6-3 (Groundball, 6M, EV 80.6 MPH)
Batting: LHB Fernando Soto 0-0: Called Strike
0-1: Foul Ball, location: 2F
0-2: Ball
1-2: Ball
2-2: Strikes out swinging
Batting: RHB Kameron Guangorena 0-0: Ground out 6-3 (Groundball, 6, EV 99.4 MPH)
Top of the 1st over - 0 runs, 0 hits, 0 errors, 0 left on base; Portland 0 - New Orleans 0
BOTTOM OF THE 1ST
New Orleans Voodoo batting - Pitching for Portland Evergreens : RHP Jason Poulter
Pitching: RHP Jason Poulter
Batting: RHB Júlio Sahagún 0-0: Ball
1-0: Called Strike
1-1: Ball
2-1: Swinging Strike
2-2: Ball
3-2: Fly out, F1 (Line Drive, P, EV 68.8 MPH)
Batting: LHB Derek Corbin 0-0: Fly out, F9 (Flyball, 9S, EV 89.4 MPH)
Batting: SHB Charles Geudre 0-0: Called Strike
0-1: Swinging Strike
0-2: Ball
1-2: Ball
2-2: Foul Ball, location: 2F
2-2: Ball
3-2: Foul Ball, location: 2F
3-2: Foul Ball, location: 2F
3-2: Base on Balls
Batting: LHB Jorge Castillo 0-0: Foul Ball, location: 2F
0-1: Ground out 4-3 (Groundball, 34D, EV 92.5 MPH)
Bottom of the 1st over - 0 runs, 0 hits, 0 errors, 1 left on base; Portland 0 - New Orleans 0
TOP OF THE 2ND
Portland Evergreens batting - Pitching for New Orleans Voodoo : RHP Mike Donovan
Batting: SHB Tetsu Matsumoto 0-0: Ball
1-0: SINGLE (Line Drive, 89M, EV 98.1 MPH)
Batting: RHB Karl Blanke 0-0: Ball
1-0: Ball
2-0: Foul Ball, location: 2F
2-1: DOUBLE (Line Drive, 89D, EV 107.5 MPH)
Tetsu Matsumoto to third
Batting: SHB Yosuke Daisen 0-0: Foul Ball, location: 2F
0-1: Swinging Strike
0-2: Ball
1-2: Strikes out swinging
Batting: LHB Surender Nada 0-0: Foul Ball, location: 2F
0-1: Ball
1-1: Ball
2-1: Ball
3-1: Base on Balls
Batting: RHB David Milliken 0-0: Foul Ball, location: 2F
0-1: Ball
1-1: Swinging Strike
1-2: Fly out, F7 (Flyball, 78M, EV 83.1 MPH)
Runner from 3rd tags up, SCORES, throw by LF
Batting: RHB Roland Reece 0-0: Called Strike
0-1: Called Strike
0-2: Foul Ball, location: 2F
0-2: Strikes out swinging
Top of the 2nd over - 1 run, 2 hits, 0 errors, 2 left on base; Portland 1 - New Orleans 0
BOTTOM OF THE 2ND
New Orleans Voodoo batting - Pitching for Portland Evergreens : RHP Jason Poulter
Batting: LHB Dave Summers 0-0: Ball
1-0: Ball
2-0: Fly out, F8 (Flyball, 8RM, EV 85.6 MPH)
Batting: RHB Jeff Bowers 0-0: Ball
1-0: Ball
2-0: Ground out 4-3 (Groundball, 4M, EV 78.8 MPH)
Batting: LHB José Soriano 0-0: Ball
1-0: Foul Ball, location: 2F
1-1: Foul Ball, location: 2F
1-2: Ball
2-2: Ball
3-2: Foul Ball, location: 2F
3-2: Base on Balls
Batting: LHB Tomislav Jovovich 0-0: TRIPLE (Flyball, 89XD, EV 90.6 MPH)
José Soriano scores
Batting: RHB Arturo Cicerón 0-0: Ground out U3 (Groundball, 3S, EV 65.6 MPH)
Bottom of the 2nd over - 1 run, 1 hit, 0 errors, 1 left on base; Portland 1 - New Orleans 1
TOP OF THE 3RD
Portland Evergreens batting - Pitching for New Orleans Voodoo : RHP Mike Donovan
Batting: RHB Richard Jost 0-0: Ground out 5-3 (Groundball, 56, EV 83.1 MPH)
Batting: LHB Fernando Soto 0-0: Ball
1-0: Called Strike
1-1: Called Strike
1-2: SINGLE (Groundball, 4MD, EV 95.6 MPH)
Batting: RHB Kameron Guangorena 0-0: Called Strike
0-1: Swinging Strike
0-2: Ball
1-2: SINGLE (Line Drive, 8LS, EV 96.9 MPH)
Fernando Soto to second
Runner from 2nd tries for 3rd, SAFE, no throw by CF
Batting: SHB Tetsu Matsumoto 0-0: Ball
1-0: Called Strike
1-1: Fly out, F7 (Line Drive, 7, EV 103.8 MPH)
Runner from 3rd tags up, SCORES, throw by LF
Batting: RHB Karl Blanke 0-0: Ball
Wild Pitch!
Kameron Guangorena to second
1-0: Foul Ball, location: 2F
1-1: Swinging Strike
1-2: Ball
2-2: Ball
3-2: Ground out 5-3 (Groundball, 5L, EV 82.5 MPH)
Top of the 3rd over - 1 run, 2 hits, 0 errors, 1 left on base; Portland 2 - New Orleans 1
BOTTOM OF THE 3RD
New Orleans Voodoo batting - Pitching for Portland Evergreens : RHP Jason Poulter
Batting: RHB Júlio Sahagún 0-0: Ball
1-0: Fly out, F8 (Flyball, 8LS, EV 83.8 MPH)
Batting: LHB Derek Corbin 0-0: Called Strike
0-1: Single, Error in OF, E7, batter to second base (Groundball, 56D, EV 97.5 MPH)
Batting: SHB Charles Geudre 0-0: Called Strike
0-1: Ground out U3 (Groundball, 3, EV 88.8 MPH)
Derek Corbin to third
Batting: LHB Jorge Castillo 0-0: Ball
1-0: Ball
2-0: SINGLE (Line Drive, 34D, EV 96.2 MPH)
Derek Corbin scores
Batting: LHB Dave Summers 0-0: Ball
1-0: Fielders Choice at 2nd, 6-4 (Groundball, 6, EV 88.1 MPH)
Bottom of the 3rd over - 1 run, 2 hits, 1 error, 1 left on base; Portland 2 - New Orleans 2
TOP OF THE 4TH
Portland Evergreens batting - Pitching for New Orleans Voodoo : RHP Mike Donovan
Batting: SHB Yosuke Daisen 0-0: Called Strike
0-1: Foul Ball, location: 2F
0-2: Strikes out looking
Batting: LHB Surender Nada 0-0: Ball
1-0: SINGLE (Line Drive, 8RS, EV 90.0 MPH)
Batting: RHB David Milliken 0-0: Called Strike
0-1: Called Strike
0-2: Ball
1-2: Ball
2-2: Fly out, F8 (Flyball, 8RM, EV 90.6 MPH)
Batting: RHB Roland Reece 0-0: Ball
1-0: Called Strike
1-1: Fielders Choice at 2nd, 5-4 (Groundball, 56, EV 103.1 MPH)
Top of the 4th over - 0 runs, 1 hit, 0 errors, 1 left on base; Portland 2 - New Orleans 2
BOTTOM OF THE 4TH
New Orleans Voodoo batting - Pitching for Portland Evergreens : RHP Jason Poulter
Batting: RHB Jeff Bowers 0-0: Called Strike
0-1: Fly out, F5 (Line Drive, 5, EV 67.5 MPH)
Batting: LHB José Soriano 0-0: Ball
1-0: Foul Ball, location: 2F
1-1: Swinging Strike
1-2: Ball
2-2: Ball
3-2: Base on Balls
Batting: LHB Tomislav Jovovich 0-0: Ball
1-0: Grounds into double play, 6-4-3 (Groundball, 56, EV 103.8 MPH)
Bottom of the 4th over - 0 runs, 0 hits, 0 errors, 0 left on base; Portland 2 - New Orleans 2
TOP OF THE 5TH
Portland Evergreens batting - Pitching for New Orleans Voodoo : RHP Mike Donovan
Batting: RHB Richard Jost 0-0: Called Strike
0-1: Ball
1-1: Foul Ball, location: 2F
1-2: Strikes out swinging
Batting: LHB Fernando Soto 0-0: Swinging Strike
0-1: Swinging Strike
0-2: Ball
1-2: Strikes out looking
Batting: RHB Kameron Guangorena 0-0: Fly out, F8 (Flyball, 89M, EV 82.5 MPH)
Top of the 5th over - 0 runs, 0 hits, 0 errors, 0 left on base; Portland 2 - New Orleans 2
BOTTOM OF THE 5TH
New Orleans Voodoo batting - Pitching for Portland Evergreens : RHP Jason Poulter
Batting: RHB Arturo Cicerón 0-0: Fly out, F6 (Line Drive, 6, EV 64.4 MPH)
Batting: RHB Júlio Sahagún 0-0: Ball
1-0: SINGLE (Groundball, 56D, EV 101.2 MPH)
Batting: LHB Derek Corbin 0-0: Called Strike
Júlio Sahagún steals 2nd, throwing error, E2
Júlio Sahagún to third
0-1: Ball
1-1: Called Strike
1-2: Ball
2-2: Fly out, F7 (Flyball, 7D, EV 84.4 MPH)
Runner from 3rd tags up, SCORES, throw by LF
Batting: SHB Charles Geudre 0-0: Ball
1-0: Ball
2-0: Foul Ball, location: 2F
2-1: Ground out 4-3 (Groundball, 4M, EV 100.0 MPH)
Bottom of the 5th over - 1 run, 1 hit, 1 error, 0 left on base; Portland 2 - New Orleans 3
TOP OF THE 6TH
Portland Evergreens batting - Pitching for New Orleans Voodoo : RHP Mike Donovan
Batting: SHB Tetsu Matsumoto 0-0: Ball
1-0: Ball
2-0: Ground out 6-3 (Groundball, 6, EV 83.8 MPH)
Batting: RHB Karl Blanke 0-0: Called Strike
0-1: Ball
1-1: Swinging Strike
1-2: Strikes out swinging
Batting: SHB Yosuke Daisen 0-0: Called Strike
0-1: Foul Ball, location: 2F
0-2: Fly out, F8 (Line Drive, 8LD, EV 90.6 MPH)
Top of the 6th over - 0 runs, 0 hits, 0 errors, 0 left on base; Portland 2 - New Orleans 3
BOTTOM OF THE 6TH
New Orleans Voodoo batting - Pitching for Portland Evergreens : RHP Jason Poulter
Batting: LHB Jorge Castillo 0-0: Swinging Strike
0-1: Ground out 5-3 (Groundball, 5L, EV 93.8 MPH)
Batting: LHB Dave Summers 0-0: Called Strike
0-1: Ball
1-1: Ground out 4-3 (Groundball, 4M, EV 85.0 MPH)
Batting: RHB Jeff Bowers 0-0: Ball
1-0: Called Strike
1-1: Ball
2-1: Called Strike
2-2: Foul Ball, location: 2F
2-2: Foul Ball, location: 2F
2-2: Strikes out swinging
Bottom of the 6th over - 0 runs, 0 hits, 0 errors, 0 left on base; Portland 2 - New Orleans 3
TOP OF THE 7TH
Portland Evergreens batting - Pitching for New Orleans Voodoo : RHP Mike Donovan
Batting: LHB Surender Nada 0-0: Ball
1-0: Called Strike
1-1: Foul Ball, location: 2F
1-2: Foul Ball, location: 2F
1-2: SINGLE (Line Drive, 6D, EV 96.9 MPH)
Batting: RHB David Milliken 0-0: Ball
1-0: Ball
2-0: Foul Ball, location: 2F
2-1: Fly out, F4 (Line Drive, 4, EV 65.0 MPH)
Pinch Hitting: RHB An-te-hai Qing 0-0: Ball
1-0: Ball
2-0: Called Strike
2-1: SINGLE (Line Drive, 7S, EV 104.4 MPH)
Surender Nada to second
Batting: RHB Richard Jost 0-0: Swinging Strike
0-1: Fly out, F8 (Flyball, 8LXD, EV 94.4 MPH)
Runner from 2nd tags up, SAFE at 3rd, no throw by CF
Batting: LHB Fernando Soto 0-0: Ball
1-0: Called Strike
1-1: Ball
2-1: Foul Ball, location: 2F
2-2: SINGLE (Groundball, 4MD, EV 101.2 MPH)
Surender Nada scores
An-te-hai Qing to second
Runner from 2nd tries for 3rd, SAFE, no throw by CF
Pitching: RHP Manny Pinto
Batting: RHB Kameron Guangorena 0-0: SINGLE (Groundball, 6MD, EV 106.2 MPH)
An-te-hai Qing scores
Fernando Soto to second
Runner from 2nd tries for 3rd, SAFE, throw by CF made to third
Batting: SHB Tetsu Matsumoto 0-0: Ball
1-0: Called Strike
1-1: Fly out, F8 (Flyball, 8RD, EV 96.2 MPH)
Top of the 7th over - 2 runs, 4 hits, 0 errors, 2 left on base; Portland 4 - New Orleans 3
BOTTOM OF THE 7TH
New Orleans Voodoo batting - Pitching for Portland Evergreens : RHP Jason Poulter
Now at SS: Orlando Samundio
Batting: LHB José Soriano 0-0: Ball
1-0: Swinging Strike
1-1: Ball
2-1: Ground out 4-3 (Groundball, 4, EV 107.5 MPH)
Batting: LHB Tomislav Jovovich 0-0: Called Strike
0-1: Ball
1-1: Called Strike
1-2: Foul Ball, location: 2F
1-2: Strikes out swinging
Batting: RHB Arturo Cicerón 0-0: Ball
1-0: Ball
2-0: Ball
3-0: Swinging Strike
3-1: Swinging Strike
3-2: Foul Ball, location: 2F
3-2: Base on Balls
Pitching: RHP Ron Rouse
Batting: RHB Júlio Sahagún 0-0: Called Strike
Arturo Cicerón steals 2nd base
0-1: Foul Ball, location: 2F
0-2: Ball
1-2: Ball
2-2: Ground out 5-3 (Groundball, 56, EV 82.5 MPH)
Bottom of the 7th over - 0 runs, 0 hits, 0 errors, 1 left on base; Portland 4 - New Orleans 3
TOP OF THE 8TH
Portland Evergreens batting - Pitching for New Orleans Voodoo : RHP Manny Pinto
Batting: RHB Karl Blanke 0-0: Ball
1-0: Called Strike
1-1: Ball
2-1: Foul Ball, location: 2F
2-2: Foul Ball, location: 2F
2-2: Strikes out swinging
Batting: SHB Yosuke Daisen 0-0: Called Strike
0-1: Swinging Strike
0-2: Ball
1-2: Fly out, F8 (Flyball, 89S, EV 97.5 MPH)
Batting: LHB Surender Nada 0-0: Called Strike
0-1: Ball
1-1: DOUBLE (Flyball, 78XD, EV 95.6 MPH)
Batting: RHB David Milliken 0-0: Ball
1-0: Called Strike
1-1: Swinging Strike
1-2: Foul Ball, location: 2F
1-2: Ground out U3 (Groundball, 34, EV 82.5 MPH)
Top of the 8th over - 0 runs, 1 hit, 0 errors, 1 left on base; Portland 4 - New Orleans 3
BOTTOM OF THE 8TH
New Orleans Voodoo batting - Pitching for Portland Evergreens : RHP Ron Rouse
Batting: LHB Derek Corbin 0-0: Fly out, F9 (Line Drive, 9, EV 103.8 MPH)
Batting: SHB Charles Geudre 0-0: Called Strike
0-1: Ball
1-1: Ground out 6-3 (Groundball, 6, EV 108.1 MPH)
Batting: LHB Jorge Castillo 0-0: Ball
1-0: Ball
2-0: Ball
3-0: Base on Balls
Pitching: LHP Seong-hyeon Yi
Batting: LHB Dave Summers 0-0: Called Strike
0-1: Called Strike
0-2: Ball
1-2: Strikes out swinging
Bottom of the 8th over - 0 runs, 0 hits, 0 errors, 1 left on base; Portland 4 - New Orleans 3
TOP OF THE 9TH
Portland Evergreens batting - Pitching for New Orleans Voodoo : RHP Manny Pinto
Batting: RHB Orlando Samundio 0-0: Called Strike
0-1: Ball
1-1: Foul Ball, location: 2F
1-2: Ball
2-2: Strikes out swinging
Batting: RHB Richard Jost 0-0: Foul Ball, location: 2F
0-1: Fly out, F8 (Flyball, 8RM, EV 90.0 MPH)
Batting: LHB Fernando Soto 0-0: Called Strike
0-1: Swinging Strike
0-2: Strikes out swinging
Top of the 9th over - 0 runs, 0 hits, 0 errors, 0 left on base; Portland 4 - New Orleans 3
BOTTOM OF THE 9TH
New Orleans Voodoo batting - Pitching for Portland Evergreens : LHP Seong-hyeon Yi
Pitching: RHP Joo-hyun Pak
Batting: RHB Jeff Bowers 0-0: Foul Ball, location: 2F
0-1: Called Strike
0-2: Ball
1-2: Strikes out swinging
Batting: LHB José Soriano 0-0: SINGLE (Line Drive, 7S, EV 98.1 MPH)
Batting: LHB Tomislav Jovovich 0-0: Ball
1-0: Called Strike
1-1: Ball
2-1: Foul Ball, location: 2F
2-2: Ball
3-2: Strikes out looking
Batting: RHB Arturo Cicerón 0-0: Ball
1-0: Ball
2-0: Ball
3-0: Called Strike
3-1: Ground out 1-3 (Groundball, 25, EV 84.4 MPH)
Bottom of the 9th over - 0 runs, 1 hit, 0 errors, 1 left on base; Portland 4 - New Orleans 3
Friday, March 26th, 2021 - OOTP Baseball 20.8 Build 74